 Dungeon Crawl Stone Soup version 0.28-a0-909-g796cbd3a86 (webtiles) character file.

Game seed: 7622609547810066181

77 BinkBink the Covert (level 4, -2/41 HPs)
             Began as a Gnoll Delver on Nov 24, 2021.
             Slain by Sigmund (9 damage)
             ... on level 3 of the Dungeon.
             The game lasted 00:02:56 (2319 turns).

BinkBink the Covert (Gnoll Delver)                  Turns: 2319, Time: 00:02:57

Health: -2/41      AC:  3    Str: 12    XL:     4   Next: 34%
Magic:  5/5        EV: 13    Int: 10    God:
Gold:   148        SH:  0    Dex: 13    Spells: 5/5 levels left

rFire   . . .      SeeInvis .   a - +0 falchion
rCold   . . .      Faith    .   (no shield)
rNeg    . . .      Spirit   .   b - +0 leather armour
rPois   .          Reflect  .   (no helmet)
rElec   .          Harm     .   (no cloak)
rCorr   .          Rampage  .   (no gloves)
Will    .....                   (no boots)
Stlth   ++++......              (no amulet)
HPRegen 0.13/turn               (no ring)
MPRegen 0.09/turn               (no ring)

@: no status effects
A: fangs 1, strong nose, distributed training
a: no special abilities


You were on level 3 of the Dungeon.
You visited 1 branch of the dungeon, and saw 5 of its levels.

You collected 148 gold pieces.

Inventory:

Hand Weapons
 a - a +0 falchion (weapon)
Armour
 b - a +0 leather armour (worn)
Wands
 g - a wand of digging (3)
 h - a wand of flame (22)
Scrolls
 c - a scroll of fog
 d - a scroll of magic mapping
 e - a scroll of fear
 i - 2 scrolls of identify {unknown}
 j - 3 scrolls of blinking {unknown}
Potions
 f - a potion of haste
 k - a potion of flight {unknown}
 l - a potion of curing {unknown}
 m - 2 potions of heal wounds {unknown}
 n - a potion of attraction {unknown}
 o - a potion of magic {unknown}


   Skills:
 + Level 6.6 Fighting
 + Level 1.1 Short Blades
 + Level 4.6 Long Blades
 + Level 1.1 Axes
 + Level 1.1 Maces & Flails
 + Level 1.1 Polearms
 + Level 1.1 Staves
 + Level 1.1 Slings
 + Level 1.1 Bows
 + Level 1.1 Crossbows
 + Level 1.1 Throwing
 + Level 1.1 Armour
 + Level 4.6 Dodging
 + Level 9.6 Stealth
 + Level 1.1 Shields
 + Level 1.1 Unarmed Combat
 + Level 1.1 Spellcasting
 + Level 0.8 Conjurations
 + Level 0.8 Hexes
 + Level 0.8 Summonings
 + Level 0.8 Necromancy
 + Level 0.8 Translocations
 + Level 0.8 Transmutations
 + Level 0.8 Fire Magic
 + Level 0.8 Ice Magic
 + Level 0.8 Air Magic
 + Level 0.8 Earth Magic
 + Level 0.8 Poison Magic
 + Level 1.2 Invocations
 + Level 1.1 Evocations


You had 5 spell levels left.
You didn't know any spells.
Your spell library contained the following spells:

 Spells                   Type           Power      Damage    Failure   Level
 Blink                    Tloc           4%         N/A       43%         2
 Ensorcelled Hibernation  Hex/Ice        4%         N/A       43%         2
 Static Discharge         Conj/Air       2%         N/A       43%         2
 Lesser Beckoning         Tloc           2%         N/A       67%         3
 Tukima's Dance           Hex            2%         N/A       67%         3
 Dispel Undead            Necr           2%         3d7       97%         4
 Sticky Flame             Conj/Fire      2%         2d3       97%         4
 Manifold Assault         Tloc           2%         N/A       100%        5


Dungeon Overview and Level Annotations

Branches:
Dungeon (5/15)
 Temple: D:4-7

Altars:

Annotations:
D:3 Sigmund


Innate Abilities, Weirdness & Mutations

You have very sharp teeth.
Your uncanny sense of smell can sniff out nearby items.
Your experience applies equally to all skills.


Message History

Sigmund is moderately wounded.
Sigmund misses you.
You barely miss Sigmund.
Sigmund is moderately wounded.
You closely miss Sigmund. You bite Sigmund.
Sigmund is moderately wounded.
Sigmund closely misses you.
You hit Sigmund. You bite Sigmund, but do no damage.
Sigmund is heavily wounded.
Sigmund hits you with a +0 scythe!
You hit Sigmund.
Sigmund is severely wounded.
Sigmund laughs darkly.
Sigmund barely misses you.
You hit Sigmund.
Sigmund is almost dead.
You barely miss Sigmund.
Sigmund is almost dead.
Sigmund gestures at you while chanting. You resist with some effort.
You hit Sigmund.
Sigmund is almost dead.
Sigmund points at you and mumbles some strange words.
The magic dart hits you!
You closely miss Sigmund.
Sigmund is almost dead.
Sigmund barely misses you.
You closely miss Sigmund.
Sigmund is almost dead.
Sigmund gestures wildly while chanting.
Sigmund flickers and vanishes!
Deactivating autopickup; reactivate with Ctrl-A.
You completely miss something. Something hits you!
You hit something but do no damage.
The hobgoblin shouts!
Something hits you!
* * * LOW HITPOINT WARNING * * *
You hit something but do no damage. You barely miss something.
Something hits you!
You die...

#.
###....###.
# #>##.....
#.>...###
###..#<##
#....# #
##.##...#
#..# ##.#
####.## ...
#.@..# ..#
#.{####
...# ...g#
..# #...#
....# ....
... ..


You could see a hobgoblin.

Vanquished Creatures
  Jessica (D:2)
  2 dart slugs (D:1)
  5 bats
  4 endoplasms
  2 giant cockroaches
  5 goblins
  4 hobgoblins
  3 jackals (D:1)
  2 quokkas
  7 ball pythons
  A frilled lizard (D:1)
  2 kobolds (D:2)
  6 rats
44 creatures vanquished.

Notes
Turn   | Place    | Note
-------+----------+-------------------------------------------
     0 | D:5      | Reached skill level 9 in Stealth
     0 | D:5      | BinkBink the Gnoll Delver began the quest for the Orb.
     0 | D:5      | Reached XP level 1. HP: 23/23 MP: 1/1
    24 | D:5      | Noticed a jelly
   229 | D:2      | Reached XP level 2. HP: 18/29 MP: 2/2
   352 | D:2      | Noticed Jessica
   359 | D:2      | Killed Jessica
   360 | D:2      | Reached XP level 3. HP: 33/35 MP: 2/4
   566 | D:2      | Reached skill level 1 in Invocations
  1470 | D:1      | Reached skill level 1 in Short Blades
  1470 | D:1      | Reached skill level 1 in Axes
  1470 | D:1      | Reached skill level 1 in Maces & Flails
  1470 | D:1      | Reached skill level 1 in Polearms
  1470 | D:1      | Reached skill level 1 in Staves
  1470 | D:1      | Reached skill level 1 in Slings
  1470 | D:1      | Reached skill level 1 in Bows
  1470 | D:1      | Reached skill level 1 in Crossbows
  1470 | D:1      | Reached skill level 1 in Throwing
  1470 | D:1      | Reached skill level 1 in Armour
  1470 | D:1      | Reached skill level 1 in Shields
  1470 | D:1      | Reached skill level 1 in Unarmed Combat
  1470 | D:1      | Reached skill level 1 in Spellcasting
  1470 | D:1      | Reached skill level 1 in Evocations
  1565 | D:1      | Reached XP level 4. HP: 26/41 MP: 5/5
  1828 | D:1      | You fall into a shaft and drop 1 floor!
  2301 | D:3      | Noticed Sigmund
  2319 | D:3      | Slain by Sigmund

Illustrated notes

Levels and vault maps discovered:
D:1:      sevenhm_arrival_forest_fort_large_4, layout_basic
D:2:      minmay_inner_zag, layout_loops_ring, serial_rivers,
          chequers_serial_rivers_micro_e, chequers_serial_rivers_micro_c,
          chequers_serial_rivers_room_b, chequers_serial_rivers_micro_a,
          hangedman_decor_opposing, hangedman_decor_points, uniq_jessica
D:3:      layout_rooms, amcnicky_altar_gilded, uniq_sigmund
D:4:      layout_rooms, minmay_temple_entry_junction
D:5:      layout_loops_corners, jmf_multi_god_temple2, serial_shops,
          kennysheep_little_box

Skill      XL: |  1  2  3 |
---------------+----------+-----
Stealth        | |  9.6
Invocations    | 1 |  1.2
Short Blades   | 1 |  1.1
Axes           | 1 |  1.1
Maces & Flails | 1 |  1.1
Polearms       | 1 |  1.1
Staves         | 1 |  1.1
Slings         | 1 |  1.1
Bows           | 1 |  1.1
Crossbows      | 1 |  1.1
Throwing       | 1 |  1.1
Armour         | 1 |  1.1
Shields        | 1 |  1.1
Unarmed Combat | 1 |  1.1
Spellcasting   | 1 |  1.1
Evocations     | 1 |  1.1
Fighting       | |  6.6
Long Blades    | |  4.6
Dodging        | |  4.6
Conjurations   | |  0.8
Hexes          | |  0.8
Summonings     | |  0.8
Necromancy     | |  0.8
Translocations | |  0.8
Transmutations | |  0.8
Fire Magic     | |  0.8
Ice Magic      | |  0.8
Air Magic      | |  0.8
Earth Magic    | |  0.8
Poison Magic   | |  0.8

Action                   |  1- 3 |  4- 6 || total
-------------------------+-------+-------++-------
Melee: Falchion          |    84 |    51 ||   135
       Bite              |     8 |     5 ||    13
 Stab: Sleeping          |     9 |    10 ||    19
       Distracted        |     1 |       ||     1
Armor: Leather armour    |    18 |     5 ||    23
Dodge: Dodged            |    66 |    31 ||    97

Table legend: (Time is in decaauts)
 A = Elapsed time spent in this place.
 B = Non-inter-level travel time spent in this place.
 C = Inter-level travel time spent in this place.
 D = Time resting spent in this place.
 E = Time spent auto-exploring this place.
 F = Levels seen in this place.
 G = Mean time per level.
                   A        B        C        D        E       F      G
               +--------+--------+--------+--------+--------+-----+--------+
         Total |   2333 |   2262 |     71 |      0 |   1859 |   5 |  466.6 |
       Dungeon |   2333 |   2262 |     71 |      0 |   1859 |   5 |  466.6 |
               +--------+--------+--------+--------+--------+-----+--------+

Top non-repeatable levels by time:
     D:2: 1379 daAuts
     D:1: 806 daAuts
     D:3: 72 daAuts
     D:5: 70 daAuts
     D:4: 4 daAuts
